 Dungeon Crawl Stone Soup version 0.31-a0-175-g9f7f995f2b (webtiles) character file.

Game seed: 2662808618857257441

55 Moral the Ruffian (level 3, -3/31 HPs)
             Began as a Ghoul Gladiator on June 17, 2023.
             Slain by a scorpion (4 damage)
             ... on level 2 of the Dungeon.
             The game lasted 00:05:58 (1217 turns).

Moral the Ruffian (Ghoul Gladiator)                 Turns: 1217, Time: 00:05:59

Health: -3/31      AC:  4    Str: 19    XL:     3   Next: 93%
Magic:  2/2        EV: 12    Int:  9    God:
Gold:   14         SH:  0    Dex: 10    Spells: 2/2 levels left

rFire   . .          .
                       - Unarmed
rCold   + . .        (no shield)
rNeg    + + +        a - +0 leather armour
rPois   ∞            b - +0 helmet
rElec   .            (no cloak)
rCorr   .            (no gloves)
SInv    .            (no boots)
Will    .....        (no amulet)
Stlth   +            e - +6 ring of intelligence
HPRegen 0.00/turn    (no ring)
MPRegen 0.08/turn

%: no passive effects
@: inhibited regen
A: claws 1, cold resistance 1, negative energy resistance 3, inhibited
regeneration, torment resistance 2, devour on kill
a: no special abilities


You were on level 2 of the Dungeon.
You visited 1 branch of the dungeon, and saw 2 of its levels.

You collected 14 gold pieces.

Inventory:

Armour
 a - a +0 leather armour (worn)
 b - a +0 helmet (worn)
Jewellery
 e - a +6 ring of intelligence (left claw)
Potions
 d - a potion of curing {unknown}


   Skills:
 * Level 3.1 Fighting
 - Level 1.7 Throwing
 + Level 3.0 Dodging
 * Level 1.9 Stealth
 * Level 3.8 Unarmed Combat


You had 2 spell levels left.
You didn't know any spells.
Your spell library was empty.

Dungeon Overview and Level Annotations

Branches:
Dungeon (2/15)

Altars:


Innate Abilities, Weirdness & Mutations

You are immune to poison.
You have sharp fingernails.
Your flesh is cold resistant. (rC+)
You are immune to negative energy. (rN+++)
You do not regenerate when monsters are visible.
You are immune to unholy pain and torment.
You thrive by killing the living.


Message History

You barely miss the scorpion. Your claw misses the scorpion.
The scorpion is moderately wounded.
The scorpion stings you.
You scratch the scorpion.
The scorpion is moderately wounded.
The scorpion misses you.
You scratch the scorpion but do no damage.
The scorpion is moderately wounded.
The scorpion stings you.
* * * LOW HITPOINT WARNING * * *
The scorpion stings you.
* * * LOW HITPOINT WARNING * * *
You barely miss the scorpion.
The scorpion is moderately wounded.
The scorpion barely misses you.
You scratch the scorpion.
The scorpion is severely wounded.
The scorpion stings you.
* * * LOW HITPOINT WARNING * * *
You scratch the scorpion but do no damage.
The scorpion is severely wounded.
The scorpion stings you but does no damage.
You closely miss the scorpion.
The scorpion is severely wounded.
The scorpion stings you but does no damage.
You barely miss the scorpion.
The scorpion is severely wounded.
The scorpion barely misses you.
Okay, then.
You barely miss the scorpion. Your claw misses the scorpion.
The scorpion is heavily wounded.
The scorpion misses you.
You barely miss the scorpion.
The scorpion is heavily wounded.
The scorpion stings you.
* * * LOW HITPOINT WARNING * * *
You scratch the scorpion.
The scorpion is severely wounded.
The scorpion stings you.
You die...

#.####### #####
#.......#
#.#######)#
#.........##
#######....#
#........#.# #
#......###.#
'###.#..........#.
..........@........
..#.##..s..#.###.#
# #.)....#.#
#......#.#
.............# #
####.........#
#......####
#......# ##......


You could see a scorpion.

Vanquished Creatures
  Jessica (D:2)
  A dart slug (D:1)
  2 endoplasms (D:1)
  A giant cockroach (D:2)
  2 goblins (D:1)
  3 hobgoblins (D:1)
  3 kobolds
  5 quokkas
  2 ball pythons (D:1)
  2 bats
  A frilled lizard (D:1)
  A rat (D:2)
24 creatures vanquished.

Notes
Turn   | Place    | Note
-------+----------+-------------------------------------------
     0 | D:1      | Moral the Ghoul Gladiator began the quest for the Orb.
     0 | D:1      | Reached XP level 1. HP: 17/17 MP: 0/0
   177 | D:1      | Reached XP level 2. HP: 20/25 MP: 1/1
   331 | D:1      | Reached skill level 1 in Stealth
   742 | D:1      | Reached XP level 3. HP: 25/30 MP: 2/2
   920 | D:2      | Noticed Jessica
   941 | D:2      | Killed Jessica
   981 | D:2      | Noticed a scorpion
  1216 | D:2      | HP: 1/31 [scorpion (2)]
  1217 | D:2      | Slain by a scorpion

Illustrated notes

Levels and vault maps discovered:
D:1:      minmay_arrival_stair_chambers, layout_basic
D:2:      layout_basic, uniq_jessica

Skill      XL: |  1  2  3 |
---------------+----------+-----
Stealth        | 1 |  1.9
Fighting       | 3 |  3.1
Dodging        | 3 |  3.0
Throwing       | |  1.7
Unarmed Combat | |  3.8

Action                     || total
---------------------------++-------
  Melee: Unarmed           ||   123
         Punch             ||     2
    Use: Scroll            ||     2
   Stab: Sleeping          ||     2
 Armour: Leather armour    ||    24
  Dodge: Dodged            ||    64

Table legend: (Time is in decaauts)
 A = Elapsed time spent in this place.
 B = Non-inter-level travel time spent in this place.
 C = Inter-level travel time spent in this place.
 D = Time resting spent in this place.
 E = Time spent auto-exploring this place.
 F = Levels seen in this place.
 G = Mean time per level.
                   A        B        C        D        E       F      G
               +--------+--------+--------+--------+--------+-----+--------+
         Total |   1207 |   1170 |     37 |    188 |    686 |   2 |  603.5 |
       Dungeon |   1207 |   1170 |     37 |    188 |    686 |   2 |  603.5 |
               +--------+--------+--------+--------+--------+-----+--------+

Top non-repeatable levels by time:
     D:1: 854 daAuts
     D:2: 353 daAuts
